 Dungeon Crawl Stone Soup version 0.23.2-33-g5129a83184 (webtiles) character file.

Game seed: 7732362166074139661

74 Folque the Magician (level 4, 0/32 HPs)
             Began as a Demonspawn Ice Elementalist on June 29, 2019.
             Succumbed to an adder's poison
             ... on level 2 of the Dungeon.
             The game lasted 00:07:36 (2434 turns).

Folque the Magician (Demonspawn Ice Elementalist)   Turns: 2434, Time: 00:07:37

Health: 0/32       AC:  2    Str: 11    XL:     4   Next: 10%
Magic:  6/8        EV: 12    Int: 17    God:
Gold:   129        SH:  0    Dex: 13    Spells: 6/9 levels left

rFire    + . .     SeeInvis .   b - +2 dagger (venom)
rCold    + + .     Gourm    .   (no shield)
rNeg     . . .     Faith    .   a - +0 robe
rPois    +         Spirit   .   (helmet restricted)
rElec    +         Reflect  .   (no cloak)
rCorr    +         Harm     .   (no gloves)
MR       .....                  (no boots)
Stlth    +++.......             (no amulet)
HPRegen  0.10/turn              (no ring)
MPRegen  0.11/turn              (no ring)

@: lethally poisoned (0 -> -2), resistant
A: antennae 2, cold resistance 1, nightstalker 1, strong 1
a: no special abilities


You were on level 2 of the Dungeon.
You were not hungry.

You visited 1 branch of the dungeon, and saw 2 of its levels.

You collected 129 gold pieces.

Inventory:

Hand Weapons
 b - a +2 dagger of venom (weapon)
 h - a +0 dagger
Armour
 a - a +0 robe (worn)
 k - a +2 cloak
Jewellery
 g - a cursed ring of attention {unknown}
 j - an uncursed ring of resist corrosion {unknown}
Scrolls
 d - 2 scrolls of amnesia {unknown}
 e - a scroll of identify {unknown}
 l - 2 scrolls of fog {unknown}
 n - a scroll of teleportation {unknown}
 o - a scroll of fear {unknown}
Comestibles
 c - 5 rations
 f - a chunk of flesh


   Skills:
 - Level 1.0 Fighting
 - Level 1.7 Dodging
 + Level 2.2 Stealth
 * Level 3.2 Spellcasting
 - Level 1.0 Conjurations
 + Level 3.2 Ice Magic


You had 6 spell levels left.
You knew the following spells:

 Your Spells              Type           Power        Failure   Level  Hunger
a - Freeze                Ice            ##..         4%          1    None
b - Throw Frost           Conj/Ice       #.....       11%         2    ##.....

Your spell library contained the following spells:

 Spells                   Type           Power        Failure   Level  Hunger
 Ozocubu's Armour         Chrm/Ice       #.......     26%         3    ###....
 Throw Icicle             Conj/Ice       #.......     56%         4    ####...
 Summon Ice Beast         Ice/Summ       #.......     65%         4    ####...


Dungeon Overview and Level Annotations

Branches:
Dungeon (2/15)

Altars:
Gozag
Nemelex Xobeh


Innate Abilities, Weirdness & Mutations

You have a pair of antennae on your head.
Your flesh is cold resistant. (rC+)
You are slightly more attuned to the shadows.
Your muscles are strong. (Str +2)


Message History

Things that are here:
a chunk of flesh; an adder skeleton
f - a chunk of flesh
* * * LOW HITPOINT WARNING * * *
You feel sick.
* * * LOW HITPOINT WARNING * * *
You feel sick.
* * * LOW HITPOINT WARNING * * *
You feel sick.
* * * LOW HITPOINT WARNING * * *
You feel sick.
* * * LOW HITPOINT WARNING * * *
You feel sick.
* * * LOW HITPOINT WARNING * * *
You feel sick.
* * * LOW HITPOINT WARNING * * *
You feel sick.
* * * LOW HITPOINT WARNING * * *
You feel sick.
You die...

#.............#### ...b..
#.............# ##############
#.............###≈##≈≈#P'....#
#.............##≈≈≈#≈≈#.#....#
#.............##≈≈≈#≈≈#.######
#.............##≈≈≈≈≈≈#P..≈≈.P
#.............##≈≈≈≈≈≈#P.≈≈≈≈.
#.............##≈≈≈≈≈≈#.≈≈≈≈≈≈
#............@##≈≈≈≈≈≈≈≈≈≈≈≈≈≈
##..............#≈≈≈≈≈≈≈≈≈≈≈≈≈#
#...............#≈≈≈#≈≈≈≈≈≈≈≈##
#...............#≈≈≈#≈≈≈≈≈≈≈##.
#...............#≈≈≈##≈≈≈≈≈##≈≈
#......#####....##≈≈####≈≈##≈≈.
#......#####....##≈## ##≈##≈.#
#.......#......####.#######....
#.......#......# ##....###....


There were no monsters in sight!

Vanquished Creatures
  2 adders (D:2)
  3 worms (D:2)
  A dart slug (D:1)
  A leopard gecko (D:1)
  7 bats
  2 giant cockroaches (D:1)
  2 goblins
  9 hobgoblins
  3 jackals (D:2)
  A quokka (D:2)
  A frilled lizard (D:2)
  7 kobolds
  5 rats
44 creatures vanquished.

Notes
Turn   | Place    | Note
-------+----------+-------------------------------------------
     0 | D:1      | Folque the Demonspawn Ice Elementalist began the quest for
                  | the Orb.
     0 | D:1      | Reached XP level 1. HP: 13/13 MP: 3/3
   415 | D:1      | Gained mutation: You are slightly more attuned to the
                  | shadows. [demonic ancestry]
   415 | D:1      | Reached XP level 2. HP: 20/20 MP: 1/5
   770 | D:1      | Learned a level 2 spell: Throw Frost
   872 | D:1      | HP: 1/20 [hobgoblin (5)]
   874 | D:1      | Reached skill level 1 in Fighting
  1447 | D:2      | Gained mutation: You have a pair of small antennae on your
                  | head. [demonic ancestry]
  1447 | D:2      | Reached XP level 3. HP: 21/26 MP: 5/7
  2356 | D:2      | Found an opulent altar of Gozag.
  2357 | D:2      | Found a sparkling altar of Nemelex Xobeh.
  2411 | D:2      | Gained mutation: Your flesh is cold resistant. (rC+)
                  | [demonic ancestry]
  2411 | D:2      | Reached XP level 4. HP: 11/32 MP: 4/8
  2413 | D:2      | Gained mutation: Your muscles are strong. (Str +2) [potion
                  | of mutation]
  2413 | D:2      | Gained mutation: You have a pair of antennae on your head.
                  | [potion of mutation]
  2427 | D:2      | HP: 1/32 [poisoned by an adder]
  2434 | D:2      | Succumbed to an adder's poison

Skill      XL: |  1  2  3 |
---------------+----------+-----
Fighting       | 1 |  1.0
Ice Magic      | 3 |  3.2
Stealth        | 2 |  2.2
Spellcasting   | 3 |  3.2
Dodging        | |  1.7
Conjurations   | |  1.0

Action                   |  1- 3 |  4- 6 || total
-------------------------+-------+-------++-------
Melee: Unarmed           |    19 |       ||    19
       Dagger            |    96 |       ||    96
 Cast: Freeze            |    37 |     1 ||    38
       Throw Frost       |     8 |       ||     8
  Use: Scroll            |     4 |       ||     4
       Potion            |       |     2 ||     2
 Stab: Sleeping          |     8 |       ||     8
  Eat: Chunk             |     6 |       ||     6
Armor: Robe              |    25 |       ||    25
Dodge: Dodged            |    81 |       ||    81
